 Dungeon Crawl Stone Soup version 0.29-a0-775-g4d7333d4e2 (webtiles) character file.

Game seed: 6717535681431393441

1007 avis the Chiller (level 7, -1/61 HPs)
             Began as a Demigod Ice Elementalist on July 1, 2022.
             Slain by a wight
             ... wielding a +3 battleaxe
              (17 damage)
             ... on level 6 of the Dungeon.
             The game lasted 00:30:56 (6684 turns).

avis the Chiller (Demigod Ice Elementalist)         Turns: 6684, Time: 00:30:57

Health: -1/61      AC:  9    Str:  9    XL:     7   Next: 68%
Magic:  16/17      EV: 13    Int: 17    God:
Gold:   290        SH:  0    Dex: 22    Spells: 7/14 levels left

rFire   . . .      SeeInvis .   b - +5 whip (drain)
rCold   . . .      Faith    .   (no shield)
rNeg    . . .      Spirit   .   H - +0 robe
rPois   .          Reflect  .   (no helmet)
rElec   .          Harm     .   r - +0 cloak
rCorr   .          Rampage  .   (no gloves)
Will    .....                   (no boots)
Stlth   ++........              (no amulet)
HPRegen 0.20/turn               (no ring)
MPRegen 0.15/turn               (no ring)

@: ice-armoured
A: high MP 1, forlorn, divine attributes
a: no special abilities


You were on level 6 of the Dungeon.
You visited 2 branches of the dungeon, and saw 7 of its levels.

You collected 290 gold pieces.

Inventory:

Hand Weapons
 a - a +0 sling
 b - a +5 whip of draining (weapon)
 I - a +1 vampiric battleaxe
Missiles
 c - 11 poisoned darts (quivered)
 n - 2 throwing nets
 C - 2 atropa-tipped darts
 F - 2 silver boomerangs
 G - 6 boomerangs
Armour
 r - a +0 cloak (worn)
 H - a +0 robe (worn)
Wands
 z - a wand of flame (8)
Scrolls
 d - a scroll of blinking {unknown}
 e - a scroll of fear {unknown}
 i - 3 scrolls of amnesia {unknown}
 j - a scroll of fog {unknown}
 k - 2 scrolls of identify {unknown}
 l - 2 scrolls of torment {unknown}
 m - a scroll of silence {unknown}
 o - 5 scrolls of enchant armour {unknown}
 p - 2 scrolls of magic mapping {unknown}
 t - 3 scrolls of teleportation {unknown}
 w - a scroll of noise {unknown}
 y - a scroll of immolation {unknown}
 A - a scroll of poison {unknown}
 E - a scroll of vulnerability {unknown}
Potions
 f - a potion of cancellation {unknown}
 g - 2 potions of magic
 h - 2 potions of curing {unknown}
 q - a potion of ambrosia {unknown}
 s - a potion of haste {unknown}
 u - 3 potions of attraction {unknown}
 v - 2 potions of brilliance {unknown}
 x - a potion of heal wounds
 B - a potion of degeneration {unknown}
 D - 2 potions of mutation {unknown}
 J - a potion of berserk rage {unknown}


   Skills:
 - Level 5.0 Fighting
 - Level 2.0 Dodging
 - Level 2.0 Stealth
 * Level 4.4 Spellcasting
 - Level 6.0 Ice Magic


You had 7 spell levels left.
You knew the following spells:

 Your Spells              Type           Power      Damage    Failure   Level
a - Freeze                Ice            96%        1d11      1%          1
o - Ozocubu's Armour      Ice            24%        N/A       3%          3
r - Frozen Ramparts       Ice            48%        1d6       3%          3

Your spell library contained the following spells:

 Spells                   Type           Power      Damage    Failure   Level
 Gell's Gravitas          Tloc           3%         N/A       41%         3
 Lesser Beckoning         Tloc           3%         N/A       41%         3
 Teleport Other           Tloc           3%         N/A       41%         3
 Hailstorm                Conj/Ice       13%        3d5       41%         4


Dungeon Overview and Level Annotations

Branches:
Dungeon (6/15)             Temple (1/1) D:5

Annotations:
D:4 2 transporters, zeratav's ghost, amateur SpHu


Innate Abilities, Weirdness & Mutations

You have an increased reservoir of magic. (+10% MP)
You shall have no god before yourself.
Your divine heritage dramatically boosts your attributes as you level up.


Message History

You whack the wight!
The wight is heavily damaged.
The wight misses you.
You closely miss the wight.
The wight is heavily damaged.
The wight hits you with a +2 great sword!
You feel drained.
You hit the wight but do no damage.
The wight is heavily damaged.
The wight hits you with a +2 great sword.
You closely miss the wight.
The wight is heavily damaged.
The wight barely misses you.
You hit the wight.
The wight is heavily damaged.
The wight misses you.
You hit the wight.
The wight is almost destroyed.
The wight hits you with a +2 great sword!
You hit the wight.
You destroy the wight!
The wight closely misses you.
Your life force feels restored.
You hit the wight.
The wight is moderately damaged.
The wight closely misses you.
You hit the wight but do no damage. You punch the wight.
The wight is moderately damaged.
The wight hits you with a +3 battleaxe!
You hit the wight.
The wight is severely damaged.
The wight barely misses you.
You hit the wight.
The wight is severely damaged.
The wight hits you with a +3 battleaxe.
* * * LOW HITPOINT WARNING * * *
You hit the wight.
The wight is almost destroyed.
The wight hits you with a +3 battleaxe!
You die...

#.###§§...... #.# #.§≈≈≈≈≈≈.#
####.###≈..≈≈≈..§#
.......#≈.≈...≈.≈#
.......#§.≈._.≈.≈#
.......#§.§...≈§§#
.......#≈..≈§§.§≈#
.......#.≈≈≈≈§≈§§#
.......#§.....§.@##
........#########z#
...........#####..######
..........###≈≈.....≈≈≈######
#####.##### #≈.≈.≈≈.....≈≈≈.#
#........###.≈.≈..≈≈.......#
#.............≈.≈.....≈≈≈._#
#........###.≈.≈..≈≈.......#
########## #≈.≈.≈≈.....≈≈≈.#


You could see a wight.

Vanquished Creatures
  Sigmund (D:4)
  A black bear (D:4)
  3 scorpions (D:5)
  3 wights
  A howler monkey (D:4)
  A hound (D:5)
  2 orc priests (D:5)
  Jessica (D:3)
  3 iguanas
  3 gnolls (D:5)
  8 adders
  3 shadow imps
  3 dart slugs
  8 orcs
  4 ball pythons
  5 bats
  6 endoplasms
  3 giant cockroaches
  5 goblins
  4 hobgoblins
  2 jackals (D:4)
  3 kobolds
  4 quokkas
  A frilled lizard (D:1)
  6 rats
84 creatures vanquished.

Notes
Turn   | Place    | Note
-------+----------+-------------------------------------------
     0 | D:1      | avis the Demigod Ice Elementalist began the quest for the
                  | Orb.
     0 | D:1      | Reached XP level 1. HP: 14/14 MP: 5/5
   253 | D:1      | Reached skill level 1 in Fighting
   646 | D:1      | Reached XP level 2. HP: 23/23 MP: 4/7
  1545 | D:2      | Reached skill level 4 in Ice Magic
  1545 | D:2      | Reached XP level 3. HP: 27/29 MP: 4/8
  2578 | D:3      | Noticed Jessica
  2586 | D:3      | Killed Jessica
  2587 | D:3      | Reached XP level 4. HP: 37/38 MP: 5/9
  3116 | D:4      | Noticed a black bear
  3507 | D:4      | Learned a level 3 spell: Ozocubu's Armour
  3708 | D:4      | Noticed Sigmund
  3728 | D:4      | Killed Sigmund
  3729 | D:4      | Reached XP level 5. HP: 24/46 MP: 2/12
  3902 | D:4      | Killed a black bear
  3903 | D:4      | Reached skill level 5 in Ice Magic
  3903 | D:4      | Reached XP level 6. HP: 48/52 MP: 8/13
  4304 | D:4      | Found a transporter.
  4315 | D:4      | Noticed zeratav's ghost (amateur SpHu)
  4358 | D:4      | Found a transporter.
  4650 | D:5      | Entered Level 5 of the Dungeon
  4762 | D:5      | Found a staircase to the Ecumenical Temple.
  4795 | Temple   | Entered the Ecumenical Temple
  4871 | D:5      | Reached skill level 5 in Fighting
  5134 | D:5      | Reached XP level 7. HP: 51/61 MP: 12/15
  6012 | D:5      | Learned a level 3 spell: Frozen Ramparts
  6672 | D:6      | Reached skill level 6 in Ice Magic
  6684 | D:6      | Slain by a wight

Illustrated notes

Levels and vault maps discovered:
D:1:      lightli_arrival_noodles, layout_basic
D:2:      layout_basic
D:3:      layout_rooms, nicolae_gozag_cash_rules_everything_around_me,
          lemuel_blue_sif_altar, kennysheep_small_spiral,
          kennysheep_jessica_study
D:4:      kennysheep_big_flooded_room, layout_basic, lightli_temple_of_fire,
          gammafunk_ghost_arena, uniq_sigmund
D:5:      layout_loops_ring, minmay_temple_entry_grid
D:6:      layout_rooms, mainiacjoe_overflow_paths, nicolae_uskayaw_suspiria
Temple:   nicolae_temple_hex_pool

Skill      XL: |  1  2  3  4  5  6  7 |
---------------+----------------------+-----
Fighting       | 1 2 3 4 5 |  5.0
Spellcasting   | 2 3 4 |  4.4
Ice Magic      | 4 5 6 |  6.0
Stealth        | 2 |  2.0
Dodging        | 2 |  2.0

Action                   |  1- 3 |  4- 6 |  7- 9 || total
-------------------------+-------+-------+-------++-------
Melee: Short sword       |    12 |       |       ||    12
       Whip              |       |    45 |    57 ||   102
       Punch             |       |       |     1 ||     1
 Fire: Sling             |       |       |     3 ||     3
Throw: Dart              |       |    10 |     6 ||    16
 Cast: Freeze            |    46 |    52 |    17 ||   115
       Ozocubu's Armour  |       |    11 |     9 ||    20
Evoke: Wand              |       |       |     1 ||     1
 Stab: Sleeping          |     9 |     6 |     3 ||    18
Armor: Robe              |     5 |    23 |    11 ||    39
Dodge: Dodged            |    22 |    68 |    46 ||   136

Table legend: (Time is in decaauts)
 A = Elapsed time spent in this place.
 B = Non-inter-level travel time spent in this place.
 C = Inter-level travel time spent in this place.
 D = Time resting spent in this place.
 E = Time spent auto-exploring this place.
 F = Levels seen in this place.
 G = Mean time per level.
                   A        B        C        D        E       F      G
               +--------+--------+--------+--------+--------+-----+--------+
         Total |   6698 |   5929 |    769 |   1837 |   2994 |   7 |  956.9 |
       Dungeon |   6693 |   5924 |    769 |   1837 |   2994 |   6 | 1115.5 |
        Temple |      4 |      4 |      0 |      0 |      0 |   1 |    4.0 |
               +--------+--------+--------+--------+--------+-----+--------+

Top non-repeatable levels by time:
     D:5: 1615 daAuts
     D:4: 1599 daAuts
     D:2: 1280 daAuts
     D:1: 1162 daAuts
     D:3: 833 daAuts
     D:6: 203 daAuts
  Temple: 4 daAuts
